 Dungeon Crawl Stone Soup version 0.30-a0-622-gddc90eaa04 (webtiles) character file.

Game seed: 9788837259302079264

5436 Leeroy the Carver (level 10, 0/67 HPs)
             Began as a Merfolk Gladiator on Jan 10, 2023.
             Was a Follower of Wu Jian.
             Slain by a kobold brigand
             ... wielding a +0 short sword
              (5 damage)
             ... on level 10 of the Dungeon.
             The game lasted 00:12:03 (7913 turns).

Leeroy the Carver (Merfolk Gladiator)               Turns: 7913, Time: 00:12:03

Health: 0/67       AC:  3    Str: 14    XL:     10   Next: 68%
Magic:  10/10      EV: 30    Int:  8    God:    Wu Jian [*.....]
Gold:   102        SH:  0    Dex: 26    Spells: 9/9 levels left

rFire   + . .      SeeInvis .    F - +0 great sword (holy)
rCold   + . .      Faith    .    (shield currently unavailable)
rNeg    . . .      Spirit   .    d - +0 robe {rC+ rF+}
rPois   .          Reflect  .    c - +0 helmet
rElec   .          Harm     .    (no cloak)
rCorr   .          Rampage  .    (no gloves)
Will    .....                    (no boots)
Stlth   ++                       (no amulet)
HPRegen 0.31/turn                l - +5 ring of evasion
MPRegen 0.12/turn                m - +6 ring of dexterity

@: studying Ranged Weapons
A: (nimble swimmer 2), mertail
a: Renounce Religion


You were on level 10 of the Dungeon.
You worshipped Wu Jian.
Wu Jian was aware of your devotion.
You visited 2 branches of the dungeon, and saw 11 of its levels.

You collected 294 gold pieces.
You spent 192 gold pieces at shops.

Inventory:

Hand Weapons
 u - the +8 flail of the Hammering Gods {chaos, Will+ Str+2}
   (You took it off a gnoll on level 6 of the Dungeon)

   Str:       It affects your strength (+2).
   Will:      It increases your willpower.
 w - a +0 scimitar
 B - a +0 great sword
 F - a +0 great sword of holy wrath (weapon)
 H - the +7 sling of the Unspeakable One {speed, +Blink}
   (You found it on level 8 of the Dungeon)

   +Blink:    It lets you blink.
 I - a +3 long sword
 J - a +2 falchion of freezing
 M - a +2 dagger of electrocution
Missiles
 e - a javelin (quivered)
 q - 6 curare-tipped darts
 v - 2 silver javelins
Armour
 a - +0 acid dragon scales
 b - a +0 leather armour
 c - a +0 helmet (worn)
 d - a +0 robe of resistance (worn)
 G - +0 steam dragon scales
Jewellery
 l - a +5 ring of evasion (left hand)
 m - a +6 ring of dexterity (right hand)
 s - a ring of poison resistance
 D - a ring of wizardry
Wands
 j - a wand of iceblast (4)
 E - a wand of light (3)
Scrolls
 f - 3 scrolls of teleportation
 h - 2 scrolls of magic mapping
 i - a scroll of enchant armour
 t - 2 scrolls of fear
 y - 2 scrolls of identify
 L - a scroll of vulnerability {unknown}
Potions
 g - 3 potions of attraction
 k - a potion of mutation {unknown}
 n - 2 potions of berserk rage {unknown}
 o - 2 potions of flight
 p - 2 potions of might {unknown}
 r - a potion of curing
 x - a potion of haste {unknown}
 z - a potion of magic
 C - a potion of invisibility {unknown}
 K - a potion of resistance {unknown}


   Skills:
 - Level 2.1 Fighting
 - Level 14.1 Long Blades
 - Level 2.0 Throwing
 + Level 13.8 Dodging
 - Level 0.5 Evocations


You had 9 spell levels left.
You didn't know any spells.
Your spell library contained the following spells:

 Spells                   Type           Power      Damage    Failure   Level
 Blink                    Tloc           0%         N/A       54%         2
 Cigotuvi's Dreadful Rot  Necr/Pois/Air  0%         N/A       54%         2
 Momentum Strike          Conj/Tloc      0%         3d8       54%         2
 Scorch                   Fire           0%         2d5       54%         2
 Lesser Beckoning         Tloc           0%         N/A       78%         3
 Dispel Undead            Necr           0%         3d6       99%         4
 Flame Wave               Conj/Fire      0%         2d4       99%         4
 Death Channel            Necr           0%         N/A       100%        6
 Summon Cactus Giant      Summ           0%         N/A       100%        6


Dungeon Overview and Level Annotations

Branches:
Dungeon (10/15)            Temple (1/1) D:7
   Lair: D:8-11         Orc: D:9-12

Altars:
Ashenzari
Cheibriados
Dithmenos
Elyvilon
Fedhas
Gozag
Hepliaklqana
Kikubaaqudgha
Makhleb
Nemelex Xobeh
Ru
Sif Muna
Trog
Uskayaw
Wu Jian
Xom
Yredelemnul
Zin
The Shining One

Shops:
D:3 (   D:7 !

Portals:
Abyss: D:4

Annotations:
D:4 2 transporters, ma3's ghost, amateur MfEn


Innate Abilities, Weirdness & Mutations

((You are very nimble when in or above water. (Stealth+, EV+, Speed+++)))
Your lower body shifts to a powerful aquatic tail in water.


Message History

The yak is severely wounded.
The yak completely misses you.
You slash the yak!
You kill the yak!
The Council accepts your kill.
You slice the orc!!
You kill the orc!
The Council accepts your kill.
A kobold comes into view. It is wielding a +0 dagger.
The orc warrior completely misses you.
You lunge at the orc warrior.
You closely miss the orc warrior.
The orc warrior hits you with a +0 glaive!!
* * * LOW HITPOINT WARNING * * *
Items here: ) [ ††.
Okay, then.
Aiming: Bolt of Light
Press: ? - help, Shift-Dir - straight line, f - orc warrior
Aim: an orc warrior, wielding a +0 glaive and wearing a +0 chain mail (68% to hit)
The bolt of light hits the orc warrior!
The orc warrior is heavily wounded.
The orc warrior is blinded.
The kobold shouts!
The orc warrior completely misses you.
A kobold comes into view. It is wielding a +0 dagger.
You slash the orc warrior!
You kill the orc warrior!
The Council accepts your kill.
The kobold brigand throws a curare-tipped dart.
The curare-tipped dart completely misses you.
You lunge at the kobold brigand.
You completely miss the kobold brigand.
The kobold brigand completely misses you.
Items here: )) [[ †.
You slash the kobold brigand!
The kobold brigand is moderately wounded.
The kobold brigand hits you but does no damage.
You slice the kobold!!
You kill the kobold!
The Council accepts your kill.
The kobold brigand hits you with a +0 short sword.
You die...

. #.... .. #.
#.#.# ...
#.####.#.##...
##............#
K.............#
#.....<......#
#..o.K.......#
#..###Ko...#.#
## #@##.....
#)# #.#.. #.#
.# # #.# . #.#
. #.# ?.# ...
...


You could see a kobold brigand, an orc and a kobold.

Vanquished Creatures
  Pikel (D:7)
  A troll (D:5)
  A hornet (D:8)
  Sigmund (D:2)
  A wyvern (D:9)
  2 yaks (D:10)
  2 steam dragons
  An acid dragon (D:9)
  Duvessa (D:7)
  5 orc warriors
  An ice beast (D:5)
  2 sky beasts (D:6)
  2 ogres
  2 centaurs
  A lemure (D:7)
  2 kobold brigands
  A bullfrog (D:8)
  2 necrophages
  3 scorpions
  7 wights
  Dowan (D:7)
  8 killer bees
  4 howler monkeys
  3 jellies
  2 gnoll boudas (D:6)
  5 orc priests
  7 hounds
  2 iguanas
  5 orc wizards
  Terence (D:3)
  10 gnolls (D:6)
  5 adders
  2 shadow imps
  An ufetubus (D:5)
  7 dart slugs
  30 orcs
  7 ball pythons
  5 bats
  7 endoplasms
  A giant cockroach (D:3)
  6 goblins
  5 hobgoblins
  3 jackals (D:3)
  2 quokkas
  4 frilled lizards
  12 kobolds
  4 rats
188 creatures vanquished.

Vanquished Creatures (others)
  2 plants (D:3)
2 creatures vanquished.

Grand Total: 190 creatures vanquished

Notes
Turn   | Place    | Note
-------+----------+-------------------------------------------
     0 | D:1      | Leeroy the Merfolk Gladiator began the quest for the Orb.
     0 | D:1      | Reached XP level 1. HP: 16/16 MP: 1/1
    83 | D:1      | Reached skill level 4 in Long Blades
    86 | D:1      | Reached XP level 2. HP: 14/22 MP: 2/2
   553 | D:1      | Reached XP level 3. HP: 27/27 MP: 3/3
   631 | D:2      | Reached skill level 5 in Long Blades
   918 | D:2      | Noticed Sigmund
   930 | D:2      | Killed Sigmund
   931 | D:2      | Reached skill level 7 in Long Blades
   931 | D:2      | Reached XP level 4. HP: 29/33 MP: 4/4
   931 | D:2      | Reached XP level 5. HP: 33/38 MP: 5/5
  1354 | D:3      | Found Yjatiuw's Weapon Shop.
  1411 | D:3      | Reached XP level 6. HP: 39/44 MP: 6/6
  1418 | D:3      | Reached skill level 8 in Long Blades
  1430 | D:3      | Bought 4 curare-tipped darts for 28 gold pieces
  1792 | D:3      | Noticed Terence
  1808 | D:3      | Killed Terence
  2286 | D:4      | Reached skill level 9 in Long Blades
  2436 | D:4      | Found a transporter.
  2436 | D:4      | Found a one-way gate to the infinite horrors of the Abyss.
  2436 | D:4      | Noticed ma3's ghost (amateur MfEn)
  2455 | D:4      | Found a transporter.
  2532 | D:4      | Found a burning altar of Makhleb.
  2555 | D:4      | You fall into a shaft and drop 1 floor!
  2555 | D:5      | Entered Level 5 of the Dungeon
  2600 | D:5      | Reached XP level 7. HP: 47/50 MP: 7/7
  2624 | D:5      | Noticed a troll
  2638 | D:5      | Killed a troll
  2639 | D:5      | Reached skill level 10 in Long Blades
  2659 | D:5      | Reached skill level 11 in Long Blades
  2659 | D:5      | Reached XP level 8. HP: 11/56 MP: 8/8
  3120 | D:4      | Found a glowing silver altar of Zin.
  3120 | D:4      | Found a white marble altar of Elyvilon.
  3120 | D:4      | Found a glowing golden altar of the Shining One.
  3147 | D:4      | Found a sparkling altar of Nemelex Xobeh.
  3383 | D:5      | Reached skill level 12 in Long Blades
  3954 | D:6      | Reached skill level 13 in Long Blades
  4058 | D:6      | Identified the +8 flail of the Hammering Gods {chaos, Will+
                  | Str+2}
  4081 | D:6      | Reached XP level 9. HP: 21/61 MP: 9/9
  4469 | D:6      | Identified the +0 scale mail of a Labyrinth {Harm rN+ Int+2
                  | Dex+2}
  4628 | D:7      | Reached skill level 14 in Long Blades
  4677 | D:7      | Reached skill level 5 in Dodging
  5028 | D:7      | Noticed Pikel
  5040 | D:7      | Killed Pikel
  5142 | D:7      | Found Bich's Distillery.
  5391 | D:7      | Noticed Dowan
  5393 | D:7      | Noticed Duvessa
  5488 | D:7      | Found a staircase to the Ecumenical Temple.
  5501 | Temple   | Entered the Ecumenical Temple
  5632 | D:7      | Found a sacrificial altar of Ru.
  5641 | D:7      | Found a shimmering blue altar of Sif Muna.
  5679 | D:7      | Killed Duvessa
  5689 | D:7      | Killed Dowan
  5951 | D:3      | Bought a +0 great sword of holy wrath for 164 gold pieces
  6149 | D:8      | Reached skill level 10 in Dodging
  6177 | D:8      | Reached XP level 10. HP: 53/67 MP: 10/10
  6572 | D:8      | Identified the +7 sling of the Unspeakable One {speed,
                  | +Blink}
  6587 | D:8      | Paralysed by a hornet for 2 turns
  7561 | D:8      | Found an ornate altar of the Wu Jian Council.
  7596 | D:8      | Became a worshipper of the Wu Jian Council
  7858 | D:10     | Entered Level 10 of the Dungeon
  7900 | D:10     | Reached * piety under Wu Jian
  7908 | D:10     | HP: 3/67 [orc warrior/+0 glaive (20)]
  7913 | D:10     | Slain by a kobold brigand

Illustrated notes

Levels and vault maps discovered:
D:1:      dpeg_arrival_shelter, layout_basic, minivault_14
D:2:      layout_loops_cross, kennysheep_nub, uniq_sigmund
D:3:      cheibrodos_old_hovel, layout_loops_ring, serial_shops,
          nicolae_shop_stone, uniq_terence
D:4:      layout_basic, good_gods_mini_temple, nemelex_dance_club_becter,
          lightli_temple_of_fire, gammafunk_ghost_abyssal_escape
D:5:      layout_cave_pools, minmay_manual_mail
D:6:      layout_basic, uniq_eustachio
D:7:      layout_rooms, mainiacjoe_overflow_swirl, minmay_temple_entry_fiery,
          serial_shops, nicolae_shop_stone, uniq_pikel, uniq_duvessa
D:8:      hellmonk_destroyed_diamonds, layout_gridville,
          mainiacjoe_overflow_concentric_impassable
D:9:      minmay_spotlight, layout_long_grid, erik_orc_1
D:10:     layout_rooms, kennysheep_little_box, nicolae_vehumet_altar_sigil,
          hellmonk_okawaru_the_only_friend_you_need
Temple:   hellmonk_temple_of_storms

Skill      XL: |  1  2  3  4  5  6  7  8  9 10 |
---------------+-------------------------------+-----
Long Blades    | 4 7 9 11 13 14 | 14.1
Dodging        | 10 13 | 13.8
Fighting       | |  2.1
Throwing       | |  2.0
Evocations     | |  0.5

Action                   |  1- 3 |  4- 6 |  7- 9 | 10-12 || total
-------------------------+-------+-------+-------+-------++-------
Melee: Long sword        |    75 |   129 |    30 |       ||   234
       Tailslap          |     1 |       |       |       ||     1
       Punch             |       |       |     3 |       ||     3
       Scimitar          |       |       |   230 |       ||   230
       Great sword       |       |       |    18 |   134 ||   152
Throw: Throwing net      |     2 |       |     4 |       ||     6
Invok: Lunge             |       |       |       |     7 ||     7
Evoke: Wand              |       |       |     5 |     1 ||     6
  Use: Scroll            |       |       |     6 |     2 ||     8
       Potion            |       |       |     3 |     4 ||     7
 Stab: Sleeping          |     4 |     4 |     2 |     1 ||    11
       Held in net/web   |     3 |       |     5 |       ||     8
       Invisible         |       |       |     1 |       ||     1
Armor: Leather armour    |    19 |    17 |    26 |       ||    62
       Robe              |       |       |     4 |     5 ||     9
       Skin              |       |       |       |    13 ||    13
Dodge: Dodged            |    58 |   103 |   242 |   191 ||   594

Table legend: (Time is in decaauts)
 A = Elapsed time spent in this place.
 B = Non-inter-level travel time spent in this place.
 C = Inter-level travel time spent in this place.
 D = Time resting spent in this place.
 E = Time spent auto-exploring this place.
 F = Levels seen in this place.
 G = Mean time per level.
                   A        B        C        D        E       F      G
               +--------+--------+--------+--------+--------+-----+--------+
         Total |   7873 |   7394 |    479 |   1035 |   4796 |  11 |  715.7 |
       Dungeon |   7808 |   7334 |    474 |   1035 |   4749 |  10 |  780.8 |
        Temple |     64 |     59 |      5 |      0 |     47 |   1 |   64.0 |
               +--------+--------+--------+--------+--------+-----+--------+

Top non-repeatable levels by time:
     D:8: 1638 daAuts
     D:7: 1126 daAuts
     D:3: 1107 daAuts
     D:6: 1091 daAuts
     D:5: 734 daAuts
     D:2: 695 daAuts
     D:1: 604 daAuts
     D:4: 591 daAuts
     D:9: 197 daAuts
  Temple: 64 daAuts
    D:10: 22 daAuts
